 Dungeon Crawl Stone Soup version 0.16.2 (webtiles) character file.

189 poirepourri the Sneak (level 5, -3/27 HPs)
             Began as a Spriggan Assassin on Aug 13, 2015.
             Slain by a swamp drake (glowing shapeshifter) (12 damage)
             ... on level 4 of the Dungeon.
             The game lasted 00:13:00 (4313 turns).

poirepourri the Sneak (Spriggan Assassin)           Turns: 4313, Time: 00:13:00

Health: -3/27      AC:  1    Str:  7    XL:     5   Next: 40%
Magic:  10/10      EV: 19    Int: 12    God:
Gold:   233        SH:  0    Dex: 19    Spells: 0 memorised, 4 levels left

rFire  . . .     SeeInvis +     e - +2 dagger (chaos)
rCold  . . .     Clarity  .     c - +1 robe
rNeg   . . .     SustAb   .     (shield restricted)
rPois  .         Gourm    .     (helmet restricted)
rElec  .         Spirit   .     l - +2 cloak {MR+}
rCorr  .         Warding  .     (gloves unavailable)
rMut   .         Stasis   .     (boots unavailable)
MR     +....                    (no amulet)
Stlth  ++++......               (no ring)
                                q - -4 ring of slaying (curse)

@: lethally poisoned (-3 -> -8), corroded equipment, slowed, quick, somewhat
resistant to hostile enchantments, stealthy
A: unfitting armour, antennae 1, see invisible, herbivore 3, speed 3, slow
metabolism 2
a: no special abilities


You were on level 4 of the Dungeon.
You were full.

You visited 1 branch of the dungeon, and saw 4 of its levels.

You collected 233 gold pieces.

Inventory:

Hand weapons
 a - a +4 dagger of electrocution
 b - a +1 blowgun
 e - a +2 dagger of chaos (weapon)
 i - a +2 dagger
 n - a +0 short sword
Armour
 c - a +1 robe (worn)
 d - a +0 cloak
 k - a +0 pair of boots
 l - a +2 cloak of magic resistance (worn)
Jewellery
 q - a cursed -4 ring of slaying (left hand)
Scrolls
 f - a scroll of noise
 j - 4 scrolls of identify
 s - a scroll of fear
Comestibles
 g - a bread ration
 r - 3 fruits
 t - a slice of pizza


   Skills:
 * Level 2.5 Fighting
 + Level 3.1 Short Blades
 + Level 3.2 Throwing
 + Level 3.2 Dodging
 + Level 7.5 Stealth


You had 4 spell levels left.
You didn't know any spells.

Dungeon Overview and Level Annotations

Branches:
Dungeon (4/15)
 Temple: D:4-7

Altars:
Sif Muna
Xom


Innate Abilities, Weirdness & Mutations

You are tiny and cannot use many weapons and most armour.
You have supernaturally acute eyesight.
You are a herbivore.
You cover ground extremely quickly.
You need consume almost no food.
You have a pair of small antennae on your head.


Message History

The scorpion completely misses you.
You hit the scorpion but do no damage. The scorpion stings you.
You closely miss the scorpion. The scorpion misses you.
You hit the scorpion but do no damage.
The scorpion changes into a wasp!
The wasp closely misses you.
You hit the wasp but do no damage. The wasp stings you.
You are poisoned.
You feel yourself slow down.
You hit the wasp but do no damage.
You feel sick. The wasp stings you.
You feel as though you will be slow longer.
The wasp completely misses you.
You barely miss the wasp.
You feel sick.
The wasp changes into a jelly!
You hit the jelly but do no damage.
Space bends around the jelly.
The acid corrodes your equipment!
The jelly is lightly wounded.
The jelly changes into a swamp drake!
You hit the swamp drake. You freeze the swamp drake.
The swamp drake is lightly wounded.
You feel sick. The swamp drake bites you!
You die...

#...# #.###
#.# #.# ##.#
#..# #.##
#.########.##
#....@k..?..#
##########..#


You could see a swamp drake shaped shifter.

Vanquished Creatures
  Crazy Yiuf (D:2)
  Jessica (D:2)
  6 adders
  2 worms
  5 giant geckos
  An ooze (D:2)
  3 orcs (D:3)
  11 bats
  3 giant cockroaches
  7 hobgoblins
  5 jackals
  5 kobolds
  A quokka (D:3)
  6 giant newts
  11 goblins
  A jackal skeleton (D:4)
  7 rats
  A fungus (D:1)
77 creatures vanquished.

Notes
Turn   | Place    | Note
--------------------------------------------------------------
     0 | D:1      | poirepourri, the Spriggan Assassin, began the quest for the Orb.
     0 | D:1      | Reached XP level 1. HP: 10/10 MP: 2/2
    67 | D:1      | Reached skill level 6 in Stealth
   252 | D:1      | Reached XP level 2. HP: 11/14 MP: 4/4
  1412 | D:2      | Reached XP level 3. HP: 14/18 MP: 6/6
  1595 | D:2      | Noticed Crazy Yiuf
  1652 | D:2      | Gained mutation: You have a pair of small antennae on your head. [potion of beneficial mutation]
  1850 | D:2      | Killed Crazy Yiuf
  1850 | D:2      | Reached skill level 7 in Stealth
  1850 | D:2      | Reached XP level 4. HP: 15/23 MP: 8/8
  2228 | D:2      | Noticed Jessica
  2251 | D:2      | Killed Jessica
  2530 | D:2      | Found a deep blue altar of Sif Muna.
  2584 | D:2      | Reached XP level 5. HP: 24/27 MP: 10/10
  4052 | D:3      | Found a shimmering altar of Xom.
  4308 | D:4      | Noticed a wasp
  4308 | D:4      | a scorpion changed into a wasp
  4311 | D:4      | a wasp changed into a jelly
  4312 | D:4      | Noticed a swamp drake
  4312 | D:4      | a jelly changed into a swamp drake
  4313 | D:4      | Slain by a swamp drake (glowing shapeshifter)

Action                   |  1- 3 |  4- 6 || total
-------------------------+-------+-------++-------
Melee: Dagger            |    87 |   169 ||   256
 Fire: Blowgun           |    50 |     5 ||    55
  Use: Potion            |     3 |     3 ||     6
       Scroll            |       |    10 ||    10
 Stab: Sleeping          |    14 |     4 ||    18
       Distracted        |     1 |       ||     1
       Confused          |       |     1 ||     1
  Eat: Bread ration      |       |     1 ||     1
